 Dungeon Crawl Stone Soup version 0.29-a0-103-g37f86683bf (webtiles) character file.

Game seed: 13372327187900259711

100 frimble the Chiller (level 4, -5/32 HPs)
             Began as a Gnoll Ice Elementalist on Feb 15, 2022.
             Killed from afar by a wretched star (17 damage)
             ... with a lance of force
             ... on level 1 of the Abyss.
             The game lasted 00:04:35 (3834 turns).

frimble the Chiller (Gnoll Ice Elementalist)        Turns: 3834, Time: 00:04:36

Health: -5/32      AC:  3    Str:  9    XL:     4   Next: 73%
Magic:  11/11      EV: 13    Int: 15    God:
Gold:   171        SH:  5    Dex: 12    Spells: 7/13 levels left

rFire   . . .      SeeInvis .   i - +4 dagger (elec)
rCold   . . .      Faith    .   (no shield)
rNeg    . . .      Spirit   .   a - +0 robe
rPois   .          Reflect  +   (no helmet)
rElec   .          Harm     .   f - +0 cloak
rCorr   .          Rampage  .   (no gloves)
Will    .....                   (no boots)
Stlth   ++........              d - amulet of reflection
HPRegen 0.10/turn               (no ring)
MPRegen 0.12/turn               (no ring)

@: no status effects
A: fangs 1, strong nose, distributed training, [deterioration 2]
a: no special abilities


You were on level 1 of the Abyss.
You visited 1 branch of the dungeon, and saw 4 of its levels.
You visited the Abyss 1 time.

You collected 171 gold pieces.

Inventory:

Hand Weapons
 i - a +4 dagger of electrocution (weapon)
 k - a +0 short sword of holy wrath
Armour
 a - a +0 robe (worn)
 f - a +0 cloak (worn)
Jewellery
 d - an amulet of reflection (around neck)
 g - an amulet of guardian spirit
 n - a ring of willpower
Scrolls
 e - 2 scrolls of teleportation
 o - a scroll of blinking
Potions
 b - 2 potions of curing {unknown}
 j - a potion of heal wounds {unknown}
 l - a potion of might {unknown}
 m - a potion of lignification


   Skills:
 + Level 1.2 Fighting
 + Level 1.2 Short Blades
 + Level 1.2 Long Blades
 + Level 1.2 Axes
 + Level 1.2 Maces & Flails
 + Level 1.2 Polearms
 + Level 1.2 Staves
 + Level 1.2 Slings
 + Level 1.2 Bows
 + Level 1.2 Crossbows
 + Level 1.2 Throwing
 + Level 1.2 Armour
 + Level 4.7 Dodging
 + Level 4.3 Stealth
 + Level 1.2 Shields
 + Level 1.2 Unarmed Combat
 + Level 5.1 Spellcasting
 + Level 1.0 Conjurations
 + Level 1.0 Hexes
 + Level 1.0 Summonings
 + Level 1.0 Necromancy
 + Level 1.0 Translocations
 + Level 1.0 Transmutations
 + Level 1.0 Fire Magic
 + Level 7.1 Ice Magic
 + Level 1.0 Air Magic
 + Level 1.0 Earth Magic
 + Level 1.0 Poison Magic
 + Level 1.3 Invocations
 + Level 1.2 Evocations


You had 7 spell levels left.
You knew the following spells:

 Your Spells              Type           Power      Damage    Failure   Level
b - Frozen Ramparts       Ice            50%        1d7       2%          3
c - Ozocubu's Armour      Ice            25%        N/A       2%          3

Your spell library contained the following spells:

 Spells                   Type           Power      Damage    Failure   Level
 Freeze                   Ice            100%       1d11      1%          1
 Hailstorm                Conj/Ice       16%        3d6       30%         4


Dungeon Overview and Level Annotations

Branches:
Dungeon (4/15)
 Temple: D:4-7

Altars:


Innate Abilities, Weirdness & Mutations

You have very sharp teeth.
Your uncanny sense of smell can sniff out nearby items.
Your experience applies equally to all skills.
[Your body often deteriorates upon taking damage.]


Message History

You feel strangely unstable.
You feel the power of the Abyss delaying your translocation!
The great orb of eyes pulsates ominously.
A large abomination comes into view.
You are suddenly pulled into a different region of the Abyss!
You start resting.
Unknown command.
A spatial vortex comes into view.
A spatial vortex comes into view.
An orange demon comes into view.
The orange demon screeches!
As you read the scroll of teleportation, it crumbles to dust.
You feel strangely unstable.
You feel the power of the Abyss delaying your translocation!
A white imp comes into view.
A wight comes into view. It is wielding a +0 flail.
A large abomination, a wight and an ancient zyme come into view.
You feel yourself growing ill in the presence of the ancient zyme.
An efreet comes into view.
It is wielding a +0 scimitar of flaming.
A wight comes into view. It is wielding a +0 morningstar.
The raiju barks!
A wight comes into view. It is wielding a +2 falchion.
A small abomination comes into view.
A wight comes into view. It is wielding a +0 falchion.
You are suddenly pulled into a different region of the Abyss!
The starcursed mass shrieks in your mind.
A starcursed mass splits.
A chorus of shrieks assaults your mind.
A starcursed mass splits.
A starcursed mass splits.
A chorus of shrieks assaults your mind.
A starcursed mass splits.
A wretched star comes into view.
A large abomination comes into view.
A small abomination comes into view.
The wretched star pulses with an eldritch light!
You feel yourself wasting away.
You feel your body start to fall apart.
The wretched star glows turbulently.
The lance of force hits you!
Ouch! That really hurt!
You die...

.#.. ....# . .
...#..## # ##... #.#
## #.#.##.#...####.. #
#.###.##.##.#......#.
.. #..##..##........
#..##..##..##..# ..#
...
............##..##.. .
............*.........
##..##..##
.##..@....... #.. #.
##..##..##..##.. ...
............# .# ..
.............. .. .
##..##..##x... .. ..
#.. #..##..##. .. ...
...# .. . .. .... ..


You could see a wretched star and a small abomination (wandering).

Vanquished Creatures
  A gnoll (D:4)
  4 adders (D:2)
  2 worms
  A dart slug (D:1)
  6 endoplasms
  4 giant cockroaches (D:1)
  5 goblins
  A hobgoblin (D:2)
  2 jackals (D:1)
  7 kobolds
  2 quokkas
  7 ball pythons
  7 bats
  2 frilled lizards (D:3)
  4 rats
55 creatures vanquished.

Notes
Turn   | Place    | Note
-------+----------+-------------------------------------------
     0 | D:1      | frimble the Gnoll Ice Elementalist began the quest for the
                  | Orb.
     0 | D:1      | Reached XP level 1. HP: 13/13 MP: 6/6
     2 | D:1      | Noticed a demigod
     2 | D:1      | Noticed a naga
     4 | D:1      | Noticed a minotaur
     4 | D:1      | Noticed a merfolk
     6 | D:1      | Noticed an elf
     8 | D:1      | Noticed a gargoyle
    12 | D:1      | Noticed a spriggan
    12 | D:1      | Noticed a draconian
    14 | D:1      | Noticed a human
    14 | D:1      | Noticed an octopode
    16 | D:1      | Noticed a dwarf
    18 | D:1      | Noticed a vampire
    18 | D:1      | Noticed a tengu
    20 | D:1      | Noticed a formicid
    20 | D:1      | Noticed an ogre
    22 | D:1      | Noticed a vine stalker
    22 | D:1      | Noticed a demonspawn
    24 | D:1      | Noticed a felid
    24 | D:1      | Noticed a troll
    26 | D:1      | Noticed a ghoul
   566 | D:1      | Reached XP level 2. HP: 11/19 MP: 5/7
   732 | D:1      | Found a faded altar of an unknown god.
  1440 | D:1      | Reached XP level 3. HP: 25/25 MP: 9/9
  1504 | D:2      | Reached skill level 5 in Spellcasting
  1813 | D:2      | Reached skill level 1 in Invocations
  2045 | D:2      | Reached skill level 1 in Fighting
  2045 | D:2      | Reached skill level 1 in Short Blades
  2045 | D:2      | Reached skill level 1 in Long Blades
  2045 | D:2      | Reached skill level 1 in Axes
  2045 | D:2      | Reached skill level 1 in Maces & Flails
  2045 | D:2      | Reached skill level 1 in Polearms
  2045 | D:2      | Reached skill level 1 in Staves
  2045 | D:2      | Reached skill level 1 in Slings
  2045 | D:2      | Reached skill level 1 in Bows
  2045 | D:2      | Reached skill level 1 in Crossbows
  2045 | D:2      | Reached skill level 1 in Throwing
  2045 | D:2      | Reached skill level 1 in Armour
  2045 | D:2      | Reached skill level 1 in Shields
  2045 | D:2      | Reached skill level 1 in Unarmed Combat
  2045 | D:2      | Reached skill level 1 in Evocations
  2061 | D:2      | Learned a level 3 spell: Frozen Ramparts
  2065 | D:2      | Learned a level 3 spell: Ozocubu's Armour
  2221 | D:2      | Reached XP level 4. HP: 32/32 MP: 9/11
  2842 | D:2      | Reached skill level 1 in Conjurations
  2842 | D:2      | Reached skill level 1 in Hexes
  2842 | D:2      | Reached skill level 1 in Summonings
  2842 | D:2      | Reached skill level 1 in Necromancy
  2842 | D:2      | Reached skill level 1 in Translocations
  2842 | D:2      | Reached skill level 1 in Transmutations
  2842 | D:2      | Reached skill level 1 in Fire Magic
  2842 | D:2      | Reached skill level 1 in Air Magic
  2842 | D:2      | Reached skill level 1 in Earth Magic
  2842 | D:2      | Reached skill level 1 in Poison Magic
  3563 | D:4      | Cast into level 1 of the Abyss (gnoll)
  3580 | Abyss:1  | Noticed a large abomination
  3591 | Abyss:1  | Found a corrupted altar of Lugonu.
  3604 | Abyss:1  | Noticed a great orb of eyes
  3618 | Abyss:1  | Noticed a large abomination
  3765 | Abyss:1  | Noticed a spatial vortex
  3768 | Abyss:1  | Noticed a spatial vortex
  3772 | Abyss:1  | Noticed an orange demon
  3781 | Abyss:1  | Noticed a large abomination
  3781 | Abyss:1  | Noticed an ancient zyme
  3782 | Abyss:1  | Noticed an efreet
  3784 | Abyss:1  | Noticed a raiju
  3786 | Abyss:1  | Noticed a small abomination
  3814 | Abyss:1  | Noticed a starcursed mass
  3828 | Abyss:1  | Noticed a wretched star
  3828 | Abyss:1  | Noticed a large abomination
  3832 | Abyss:1  | Noticed a small abomination
  3834 | Abyss:1  | Killed from afar by a wretched star

Illustrated notes

Levels and vault maps discovered:
D:1:      kb_arrival_jail, layout_basic, chequers_ecumenical_altar_island
D:2:      layout_basic, minmay_puff
D:3:      layout_rooms, kennysheep_generic_room_14
D:4:      layout_basic, minmay_temple_entry_ruins, hangedman_decor_peaks_small
Abyss:1:  base:
D:3

Skill      XL: |  1  2  3  4 |
---------------+-------------+-----
Spellcasting   | 5 |  5.1
Invocations    | 1 |  1.3
Fighting       | 1 |  1.2
Short Blades   | 1 |  1.2
Long Blades    | 1 |  1.2
Axes           | 1 |  1.2
Maces & Flails | 1 |  1.2
Polearms       | 1 |  1.2
Staves         | 1 |  1.2
Slings         | 1 |  1.2
Bows           | 1 |  1.2
Crossbows      | 1 |  1.2
Throwing       | 1 |  1.2
Armour         | 1 |  1.2
Shields        | 1 |  1.2
Unarmed Combat | 1 |  1.2
Evocations     | 1 |  1.2
Conjurations   | 1 |  1.0
Hexes          | 1 |  1.0
Summonings     | 1 |  1.0
Necromancy     | 1 |  1.0
Translocations | 1 |  1.0
Transmutations | 1 |  1.0
Fire Magic     | 1 |  1.0
Air Magic      | 1 |  1.0
Earth Magic    | 1 |  1.0
Poison Magic   | 1 |  1.0
Dodging        | |  4.7
Stealth        | |  4.3
Ice Magic      | |  7.1

Action                   |  1- 3 |  4- 6 || total
-------------------------+-------+-------++-------
Melee: Short sword       |   111 |    13 ||   124
       Unarmed           |     7 |       ||     7
       Punch             |     1 |       ||     1
       Bite              |     9 |     7 ||    16
       Dagger            |       |    48 ||    48
 Cast: Freeze            |    16 |     4 ||    20
       Frozen Ramparts   |       |     2 ||     2
       Ozocubu's Armour  |       |     1 ||     1
  Use: Scroll            |       |     9 ||     9
 Stab: Sleeping          |     6 |     4 ||    10
       Distracted        |       |     1 ||     1
Armor: Robe              |    40 |    17 ||    57
Dodge: Dodged            |    69 |    37 ||   106
Block: Other             |    36 |    17 ||    53
       Reflection        |     2 |       ||     2

Table legend: (Time is in decaauts)
 A = Elapsed time spent in this place.
 B = Non-inter-level travel time spent in this place.
 C = Inter-level travel time spent in this place.
 D = Time resting spent in this place.
 E = Time spent auto-exploring this place.
 F = Levels seen in this place.
 G = Mean time per level.
                   A        B        C        D        E       F      G
               +--------+--------+--------+--------+--------+-----+--------+
         Total |   3844 |   3744 |    100 |    149 |   2884 |   5 |  768.8 |
       Dungeon |   3573 |   3473 |    100 |      0 |   2884 |   4 |  893.2 |
         Abyss |    270 |    270 |      0 |    149 |      0 |   1 |  270.0 |
               +--------+--------+--------+--------+--------+-----+--------+

Top non-repeatable levels by time:
     D:1: 1701 daAuts
     D:2: 1271 daAuts
     D:3: 592 daAuts
 Abyss:1: 270 daAuts
     D:4: 8 daAuts
